 Dungeon Crawl Stone Soup version 0.29.1-2-gbd0b4ee654 (webtiles) character file.

Game seed: 10899400868933708823

48 DildoBatman the Conjurer (level 4, 0/30 HPs)
             Began as a Formicid Conjurer on Nov 15, 2022.
             Slain by an ufetubus (4 damage)
             ... on level 5 of the Dungeon.
             The game lasted 00:04:11 (1986 turns).

DildoBatman the Conjurer (Formicid Conjurer)        Turns: 1986, Time: 00:04:11

Health: 0/30       AC:  2    Str: 12    XL:     4   Next: 0%
Magic:  6/7        EV: 12    Int: 23    God:
Gold:   80         SH:  0    Dex: 14    Spells: 2/7 levels left

rFire   . . .      SeeInvis +   a - staff of conjuration
rCold   . . .      Faith    .   (no shield)
rNeg    . . .      Spirit   .   l - +0 robe
rPois   .          Reflect  .   (helmet unavailable)
rElec   .          Harm     .   (no cloak)
rCorr   .          Rampage  .   (no gloves)
Will    .....                   (no boots)
Stlth   ++........              (no amulet)
HPRegen 0.10/turn               m - +6 ring of intelligence
MPRegen 0.10/turn               (no ring)

@: no status effects
A: permanent stasis, dig shafts and tunnels, antennae 3, four strong arms
a: Dig, Shaft Self


You were on level 5 of the Dungeon.
You visited 1 branch of the dungeon, and saw 4 of its levels.

You collected 80 gold pieces.

Inventory:

Hand Weapons
 b - a +4 dagger
 c - a +0 sling
Missiles
 h - a throwing net
 i - 53 stones
 r - 4 poisoned darts
Armour
 l - a +0 robe (worn)
Magical Staves
 a - a staff of conjuration (weapon)
Jewellery
 m - a +6 ring of intelligence (left hand)
Scrolls
 e - a scroll of brand weapon {unknown}
 f - a scroll of blinking {unknown}
 g - a scroll of vulnerability {unknown}
 p - a scroll of poison {unknown}
 q - 2 scrolls of teleportation {unknown}
 t - a scroll of identify {unknown}
Potions
 d - a potion of ambrosia {unknown}
 j - a potion of haste {unknown}
 k - 3 potions of resistance {unknown}
 n - a potion of magic
 o - 2 potions of cancellation {unknown}
 s - a potion of curing {unknown}


   Skills:
 - Level 1.7 Dodging
 - Level 2.4 Stealth
 - Level 2.1 Spellcasting
 * Level 4.8 Conjurations


You had 2 spell levels left.
You knew the following spells:

 Your Spells              Type           Power      Damage    Failure   Level
a - Searing Ray           Conj           74%        2d7       2%          2
c - Magic Dart            Conj           100%       1d8       1%          1
z - Sublimation of Blood  Necr           2%         N/A       19%         2

Your spell library contained the following spells:

 Spells                   Type           Power      Damage    Failure   Level
 Wereblood                Tmut           2%         N/A       19%         2
 Dazzling Flash           Conj/Hex       40%        N/A       14%         3
 Fulminant Prism          Conj/Hex       10%        3d9       43%         4
 Iskenderun's Mystic Bla  Conj/Tloc      20%        2d6       43%         4
 Summon Hydra             Summ           1%         N/A       100%        7


Dungeon Overview and Level Annotations

Branches:
Dungeon (3/15)

Altars:
Elyvilon

Annotations:
D:1 exclusion: downstairs
D:2 Terence


Innate Abilities, Weirdness & Mutations

You cannot be hasted, slowed, berserked, paralysed or teleported.
You can dig through walls and to a lower floor.
You have a pair of large antennae on your head. (SInv)
Your four strong arms can wield two-handed weapons with a shield.


Message History

Anything else - Cancel.
You shout for attention!
The bullfrog hits you. The ufetubus barely misses you.
The ufetubus hits you but does no damage.
What are your orders? t - Shout!
Orders for allies: a - Attack new target. r - Retreat! s - Stop attacking. g - Guard the area. f - Follow me.
Anything else - Cancel.
You shout for attention!
The bullfrog hits you. The ufetubus misses you. The ufetubus barely misses you.
The scorpion stings you. The bullfrog hits you. The ufetubus barely misses you.
The ufetubus closely misses you. What are your orders? t - Shout!
Orders for allies: a - Attack new target. r - Retreat! s - Stop attacking. g - Guard the area. f - Follow me.
Anything else - Cancel.
You shout for attention!
The ufetubus hits you. The ufetubus closely misses you. The bullfrog hits you.
The scorpion stings you. What are your orders? t - Shout!
Orders for allies: a - Attack new target. r - Retreat! s - Stop attacking. g - Guard the area. f - Follow me.
Anything else - Cancel.
You shout for attention!
The bullfrog misses you. The ufetubus hits you.
You die...

... ... #
##.#### ..
#.....#..#
#.......
###.....
#..s5F#
#.@# ####


You could see a bullfrog, a scorpion and an ufetubus.

Vanquished Creatures
  2 worms (D:2)
  A dart slug (D:3)
  3 ball pythons
  5 endoplasms
  A giant cockroach (D:3)
  7 goblins
  2 hobgoblins
  2 jackals (D:2)
  3 quokkas
  A bat (D:2)
  2 frilled lizards (D:2)
  3 kobolds
  5 rats
37 creatures vanquished.

Notes
Turn   | Place    | Note
-------+----------+-------------------------------------------
     0 | D:1      | DildoBatman the Formicid Conjurer began the quest for the
                  | Orb.
     0 | D:1      | Reached XP level 1. HP: 13/13 MP: 3/3
   164 | D:1      | Reached XP level 2. HP: 18/19 MP: 1/5
   176 | D:1      | Learned a level 2 spell: Searing Ray
   218 | D:1      | Reached skill level 4 in Conjurations
   610 | D:2      | Noticed Terence
   751 | D:2      | Reached XP level 3. HP: 22/24 MP: 3/6
  1043 | D:2      | Found a white marble altar of Elyvilon.
  1445 | D:3      | Learned a level 2 spell: Sublimation of Blood
  1852 | D:3      | Found a faded altar of an unknown god.
  1972 | D:3      | Reached XP level 4. HP: 30/30 MP: 5/7
  1974 | D:3      | You fall into a shaft and drop 2 floors!
  1974 | D:5      | Entered Level 5 of the Dungeon
  1978 | D:5      | Noticed a bullfrog
  1979 | D:5      | Noticed a scorpion
  1986 | D:5      | Slain by an ufetubus

Illustrated notes

Levels and vault maps discovered:
D:1:      grunt_arrival_lava_bath, layout_rooms
D:2:      layout_loops_cross, basic_altar, minmay_misc_feat_encased,
          uniq_terence
D:3:      layout_basic, nicolae_yredelemnul_ghost_church,
          hellmonk_ecumenical_altar_zigzags
D:5:      layout_cave_pools, minmay_temple_entry_sparse_star

Skill      XL: |  1  2 |
---------------+-------+-----
Conjurations   | 4 |  4.8
Dodging        | |  1.7
Stealth        | |  2.4
Spellcasting   | |  2.1

Action                   |  1- 3 |  4- 6 || total
-------------------------+-------+-------++-------
Melee: Short sword       |    18 |       ||    18
       Dagger            |     5 |       ||     5
       Staff             |     4 |       ||     4
 Fire: Sling             |     8 |       ||     8
 Cast: Magic Dart        |    42 |       ||    42
       Searing Ray       |     5 |       ||     5
 Abil: Shaft Self        |       |     1 ||     1
Armor: Robe              |     4 |     1 ||     5
Dodge: Dodged            |    24 |    11 ||    35
